 Dungeon Crawl Stone Soup version 0.31-a0-981-geadf994542 (webtiles) character file.

Game seed: 1879060912525963646

1607107 GordonOverkill the Skinwalker (level 27, 358/358 (360) HPs)
             Began as a Naga Delver on Nov 1, 2023.
             Was an Elder of Okawaru.
             Escaped with the Orb
             ... and 3 runes!
             The game lasted 02:38:12 (74221 turns).

GordonOverkill the Skinwalker (Naga Delver)        Turns: 74221, Time: 02:38:13

HP:   358/358 (360) AC: 43    Str: 25 (30) XL:     27
MP:   36/36         EV: 11    Int:  5 (10) God:    Okawaru [****..]
Gold: 7256          SH: 26    Dex: 11 (16) Spells: 26/26 levels left

rFire   + +          +
                       - Unarmed
rCold   + . .        S - +8 tower shield
rNeg    + . .        Q - melded +4 gold dragon scales
rPois   ∞            M - +4 helmet "Vaps" {rElec rC+}
rElec   +            z - scarf {rC+ rF+}
rCorr   .            X - melded +2 pair of gloves
SInv    +            G - melded +2 barding of Light {rPois rF+ Str+3 Stlth+}
Will    ++++.        l - amulet of faith
Stlth   +            D - ring "Ryjuf" {rPois Will+}
HPRegen 0.79/turn    i - ring "Voinyk Nireck" {Fire rPois Dex+2 Slay+6}
MPRegen 0.25/turn

%: faith
@: statue-form, studying 4 skills, lightly drained, very slow
A: slow and powerful, torment resistance 1, boosted hp, AC +9, large, see
invisible, deformed body, poison resistance, (slowness 2), spit poison 1, naga
tail 2, fire resistance 1, strong 1
0: Orb of Zot
}: 3/15 runes: decaying, silver, gossamer
a: Spit Poison, Begin Untransformation, Renounce Religion, Heroism, Finesse


You escaped.
You worshipped Okawaru.
Okawaru was greatly pleased with you.
You were a living statue of rough stone.
You visited 10 branches of the dungeon, and saw 48 of its levels.
You also visited: Ice Cave and Desolation.

You collected 8788 gold pieces.
You spent 1532 gold pieces at shops.

Inventory:

Missiles
 o - 4 throwing nets
 q - 13 curare-tipped darts (quivered)
 P - 30 silver javelins
Armour
 z - a scarf of resistance (worn)
 G - the +2 barding of Light (melded) {rPois rF+ Str+3 Stlth+}
   (Okawaru gifted it to you on level 4 of the Lair of Beasts)

   Str+3:     It affects your strength (+3).
   rF+:       It protects you from fire.
   rPois:     It protects you from poison Stlth+: It makes you more stealthy.
 M - the +4 helmet "Vaps" (worn) {rElec rC+}
   (You found it in the Desolation of Salt)

   rC+:       It protects you from cold.
   rElec:     It insulates you from electricity.
 Q - +4 gold dragon scales (melded)
 S - a +8 tower shield (worn)
 X - a +2 pair of gloves (melded)
Jewellery
 i - the ring "Voinyk Nireck" (right fist) {Fire rPois Dex+2 Slay+6}
   (You found it on level 3 of the Dungeon)

   [ring of fire]

   Fire:      It enhances your fire magic.
   Dex+2:     It affects your dexterity (+2).
   Slay+6:    It affects your accuracy & damage with ranged weapons and melee
   (+6).
   rF+:       It protects you from fire.
   rC-:       It makes you vulnerable to cold.
   rPois:     It protects you from poison
 l - an amulet of faith (around neck)
 p - the amulet of Arrival {RegenMP Rampage Dex+2}
   (You found it in an ice cave)

   [amulet of magic regeneration]

   RegenMP:   It increases your rate of magic regeneration.
   Dex+2:     It affects your dexterity (+2).
   Rampage:   It bestows one free step when moving towards enemies.
 D - the ring "Ryjuf" (left fist) {rPois Will+}
   (You found it on level 9 of the Dungeon)

   [ring of willpower]

   rPois:     It protects you from poison Will+: It increases your willpower.
 Y - the ring of the Crushed Hells {rCorr AC+4}
   (You took it off an ironbound convoker in the Desolation of Salt)

   [ring of protection]

   AC+4:      It affects your AC (+4).
   rCorr:     It protects you from acid and corrosion.
Talismans
 s - a granite talisman (active)
Wands
 g - a wand of digging (13)
 u - a wand of quicksilver (36)
 x - a wand of mindburst (11)
 T - a wand of iceblast (33)
Scrolls
 c - 15 scrolls of fog
 d - 2 scrolls of revelation
 j - 32 scrolls of identify
 m - 11 scrolls of teleportation
 r - 4 scrolls of silence
 y - 5 scrolls of fear
 C - 7 scrolls of blinking
 J - 5 scrolls of immolation
 O - 6 scrolls of vulnerability
Potions
 a - 6 potions of enlightenment
 b - 9 potions of heal wounds
 n - 17 potions of curing
 t - 6 potions of lignification
 v - 6 potions of mutation
 B - a potion of resistance
 F - 7 potions of haste
 I - 2 potions of magic
 K - 11 potions of ambrosia
 L - 7 potions of might
 N - 3 potions of cancellation
 U - 3 potions of invisibility
Miscellaneous
 e - a lightning rod (4/4)
 h - a phantom mirror
 E - a box of beasts
 W - a phial of floods
 Z - a tin of tremorstones (2/2)


   Skills:
 - Level 22.0 Fighting
 - Level 3.0 Short Blades
 - Level 7.0 Armour
 - Level 8.0 Dodging
 - Level 7.2 Stealth
 - Level 15.0 Shields
 - Level 22.0 Unarmed Combat
 - Level 0.2 Spellcasting
 + Level 19.1 Invocations
 - Level 10.0 Evocations
 - Level 25.0 Shapeshifting


You had 26 spell levels left.
You didn't know any spells.
Your spell library contained the following spells:

 Spells                   Type           Power      Damage    Failure   Level
 Freeze                   Ice            0%         1d3       77%         1
 Magic Dart               Conj           0%         1d3       77%         1
 Necrotise                Necr           0%         1d4       77%         1
 Sandblast                Erth           0%         2d4       77%         1
 Shock                    Conj/Air       0%         1d3       77%         1
 Blink                    Tloc           0%         N/A       88%         2
 Cigotuvi's Dreadful Rot  Necr/Pois/Air  0%         N/A       88%         2
 Passwall                 Tmut/Erth      0%         N/A       88%         2
 Poisonous Vapours        Pois/Air       0%         N/A       88%         2
 Static Discharge         Conj/Air       0%         3-3/arc   88%         2
 Wereblood                Tmut           0%         N/A       88%         2
 Dazzling Flash           Conj/Hex       0%         N/A       98%         3
 Frozen Ramparts          Ice            0%         1d1       98%         3
 Gell's Gravitas          Tloc           0%         N/A       98%         3
 Hailstorm                Conj/Ice       0%         3d3       98%         3
 Inner Flame              Hex/Fire       0%         N/A       98%         3
 Mephitic Cloud           Conj/Pois/Air  0%         N/A       98%         3
 Ozocubu's Armour         Ice            0%         N/A       98%         3
 Stone Arrow              Conj/Erth      0%         3d7       98%         3
 Swiftness                Air            0%         N/A       98%         3
 Teleport Other           Tloc           0%         N/A       98%         3
 Vampiric Draining        Necr           0%         2d6       98%         3
 Volatile Blastmotes      Fire/Tloc      0%         2d10      98%         3
 Airstrike                Air            0%         2d(0-16)  100%        4
 Brom's Barrelling Bould  Conj/Erth      0%         2d3       100%        4
 Cause Fear               Hex            0%         N/A       100%        4
 Dispel Undead            Necr           0%         3d6       100%        4
 Flame Wave               Conj/Fire      0%         2d4       100%        4
 Fulminant Prism          Conj/Hex       0%         3d5       100%        4
 Iskenderun's Mystic Bla  Conj/Tloc      0%         2d3       100%        4
 Leda's Liquefaction      Hex/Erth       0%         N/A       100%        4
 Manifold Assault         Tloc           0%         N/A       100%        4
 Passage of Golubria      Tloc           0%         N/A       100%        4
 Sticky Flame             Conj/Fire      0%         2d3       100%        4
 Vhi's Electric Charge    Tloc/Air       0%         N/A       100%        4
 Agony                    Necr           0%         N/A       100%        5
 Arcjolt                  Conj/Air       0%         1d10      100%        5
 Borgnjor's Vile Clutch   Necr/Erth      0%         N/A       100%        5
 Fireball                 Conj/Fire      0%         3d3       100%        5
 Freezing Cloud           Conj/Ice/Air   0%         6-21      100%        5
 Irradiate                Conj/Tmut      0%         3d11      100%        5
 Iskenderun's Battlesphe  Conj           0%         2d6       100%        5
 Lee's Rapid Deconstruct  Erth           0%         3d4*      100%        5
 Silence                  Hex/Air        0%         N/A       100%        5
 Yara's Violent Unravell  Hex/Tmut       0%         3d3       100%        5
 Bombard                  Conj/Erth      0%         9d1       100%        6
 Conjure Ball Lightning   Conj/Air       0%         3x3d6     100%        6
 Dispersal                Tloc           0%         N/A       100%        6
 Eringya's Noxious Bog    Tmut/Pois      0%         4d6       100%        6
 Plasma Beam              Fire/Air       0%         2x1d10    100%        6
 Starburst                Conj/Fire      0%         6d3       100%        6
 Enfeeble                 Hex            0%         N/A       100%        7
 Orb of Destruction       Conj           0%         9d5       100%        7
 Ozocubu's Refrigeration  Ice            0%         4d7       100%        7
 Borgnjor's Revivificati  Necr           0%         N/A       100%        8
 Discord                  Hex            0%         N/A       100%        8
 Disjunction              Tloc           0%         N/A       100%        8
 Lehudib's Crystal Spear  Conj/Erth      0%         10d2      100%        8
 Maxwell's Capacitive Co  Air            0%         ∞         100%        8
 Chain Lightning          Conj/Air       0%         N/A       100%        9
 Death's Door             Necr           0%         N/A       100%        9
 Fire Storm               Conj/Fire      0%         5d1       100%        9
 Polar Vortex             Ice            0%         N/A       100%        9
 Shatter                  Erth           0%         3d5*      100%        9
 Call Imp                 Summ           Unusable   N/A       N/A         2
 Summon Guardian Golem    Hex/Summ       Unusable   N/A       N/A         3
 Animate Dead             Necr           Unusable   N/A       N/A         4
 Summon Ice Beast         Ice/Summ       Unusable   N/A       N/A         4
 Summon Lightning Spire   Summ/Air       Unusable   N/A       N/A         4
 Summon Forest            Summ/Tloc      Unusable   N/A       N/A         5
 Death Channel            Necr           Unusable   N/A       N/A         6
 Simulacrum               Ice/Necr       Unusable   N/A       N/A         6
 Haunt                    Necr/Summ      Unusable   N/A       N/A         7
 Spellforged Servitor     Conj/Summ      Unusable   N/A       N/A         7
 Summon Hydra             Summ           Unusable   N/A       N/A         7
 Dragon's Call            Summ           Unusable   N/A       N/A         9

Dungeon Overview and Level Annotations

Branches:
Dungeon (15/15)            Temple (1/1) D:4            Lair (5/5) D:11
  Swamp (4/4) Lair:3       Spider (4/4) Lair:3        Slime (0/5) Lair:5
    Orc (2/2) D:12            Elf (3/3) Orc:2        Vaults (5/5) D:13
  Crypt (0/3) Vaults:3     Depths (4/4) D:15            Zot (5/5) Depths:4
  IceCv (visited)         Desolation (visited)

Altars:
Ashenzari
Cheibriados
Dithmenos
Elyvilon
Fedhas
Gozag
Hepliaklqana
Kikubaaqudgha
Makhleb
Nemelex Xobeh
Okawaru
Qazlal
Ru
Sif Muna
Trog
Uskayaw
Vehumet
Wu Jian
Xom
Yredelemnul
Zin
The Shining One
Lugonu

Shops:
D:12 ([   D:14 (   Orc:2 [([([*   Vaults:1 ?   Vaults:3 (   Depths:3 [
Depths:4 (

Portals:
Hell: Depths:1 Depths:2 Depths:3 Depths:4
Abyss: Depths:1 Depths:3 Depths:4
Pandemonium: Depths:2 Depths:3
Ziggurat: Depths:4


Innate Abilities, Weirdness & Mutations

You are a living statue of rough stone.
Your actions are slow, but your melee attacks are powerful.
You are resistant to unholy torment.
Your maximum health is greatly increased.
Your equipment is partially melded.
((Your serpentine skin is tough. (AC +9)))
You are immune to poison.
You have supernaturally acute eyesight. (SInv)
Armour fits poorly on your strangely shaped body.
Your system is resistant to poisons. (rPois)
((You cover ground very slowly.))
You can spit poison.
You can use your snake-like lower body to constrict enemies.
Your flesh is heat resistant. (rF+)
Your muscles are strong. (Str +4, Int/Dex -1)


Message History

You climb upwards.
There is a stone staircase leading down here. 2 hell hogs come into view.
The hell hog moves out of view. x2
There is a stone staircase leading up here.
You climb upwards.
There is a stone staircase leading down, spattered with blood here.
What level of the Dungeon? (default 1, ? - help)
An Orb Guardian comes into view.
There is a stone staircase leading up here.
The Orb Guardian hits you!
You climb upwards.
There is a stone staircase leading down here.
What level of the Dungeon? (default 1, ? - help)
There is an open door here.
HP restored.
A smoke demon comes into view.
You block the smoke demon's attack. x3
You pummel the smoke demon like a punching bag!!!!
You kill the smoke demon!
Okawaru accepts your kill.
No target in view!
No target in view!
There is a stone staircase leading up here.
You climb upwards.
There is a stone staircase leading down here.
There is an open door here.
A Brimstone Fiend comes into view.
You squash the Brimstone Fiend like an ant!!!!
You grab the Brimstone Fiend.
The Brimstone Fiend is almost dead.
You constrict the Brimstone Fiend.
You block the Brimstone Fiend's attack. x2
The Brimstone Fiend hits you but does no damage.
You pummel the Brimstone Fiend!!
You kill the Brimstone Fiend!
Okawaru accepts your kill.
No target in view!
No target in view!
There is a staircase leading out of the dungeon here.
You have escaped!

##.#...###...###..#
#.##...####.
##...........##..# #.##...#
#. ##.#.#####..#...# #.#....#
#. #.#.########'#####....#.#
#. #.#...)#.........#....[.#
#. ###
#.######.........##...#.# #.
..# #.#
#..⌠...⌠..###.##.####. #.#
#.# ###.........####......†.
#.# #†#
##.+....8....'.......)...
#.###.#
#..#.........##..##.#####
......###.##..⌠...⌠..#.#.##.#
(..........#.........###.##.#
#.####.#####.........##...#.#
#.# #.##..#####'######...#.#
#.# #.##.## #..# ####...#.##
#.# #.##.# #..###.)....(..#
..# #.##.# #..............#


There were no monsters in sight!

Vanquished Creatures
  10 dread liches
  2 orbs of fire (Zot:5)
  An ancient lich (Zot:2)
  Mara (Spider:4)
  Saint Roka (Orc:2)
  Bai Suzhen (Elf:3)
  the Lernaean hydra (Swamp:4)
  5 caustic shrikes (Depths:3)
  11 Killer Klowns
  2 curse toes (Zot:5)
  13 golden dragons
  3 bone dragons (Zot:2)
  Arachne (Spider:3)
  A Brimstone Fiend (D:1)
  A Tzitzimitl (Zot:4)
  Rupert (Spider:1)
  3 electric golems
  14 tentacled monstrosities
  Jorgrun (D:13)
  27 Orb Guardians
  2 walking crystal tomes
  2 liches
  4 titans
  Asterion (Spider:3)
  Mlioglotl (Spider:1)
  2 deep elf blademasters
  2 deep elf master archers (Elf:3)
  11 quicksilver dragons
  3 walking frostbound tomes
  10 death cobs
  5 sphinxes
  Gastronok (Lair:2)
  Kirke (Spider:3)
  18 storm dragons
  2 thorn hunters
  The ghost of Molah the Earth Mage, an adept GrEE of Vehumet (D:14)
  Roxanne (Spider:3)
  9 shadow dragons
  6 tengu reavers
  A revenant (Vaults:3)
  3 azure jellies (IceCv)
  5 draconian monks
  8 frost giants
  7 draconian knights
  A rockslime (IceCv)
  3 emperor scorpions (Spider:4)
  3 narguns (Zot:1)
  5 deep elf sorcerers
  12 fire giants
  Louise (Depths:3)
  A fenstrider witch (Swamp:1)
  7 draconian scorchers
  3 imperial myrmidons (Desolation)
  3 spectral caustic shrikes (Depths:3)
  5 ghost moths
  25 vault wardens
  8 deep elf elementalists
  2 orc warlords
  An angel (D:14)
  4 iron dragons
  9 draconian annihilators
  A cacodemon (Zot:1)
  The ghost of stonewall the Warrior, a journeyman TeGl of Trog (Orc:1)
  17 ironbound preservers
  4 draconian stormcallers
  3 quicksilver oozes (IceCv)
  4 draconian shifters
  A spriggan defender (Depths:3)
  A broodmother (Spider:3)
  A reaper (D:14)
  A demonspawn corrupter (D:15)
  10 ironbound thunderhulks
  14 stone giants
  7 green draconians
  19 very ugly things
  An eleionoma (Arena)
  13 black draconians
  A formless jellyfish (Vaults:1)
  9 yellow draconians
  7 bunyips
  6 deep elf demonologists
  5 spark wasps
  A halazid warlock (Desolation)
  9 red draconians
  8 deep elf annihilators (Elf:3)
  12 white draconians
  9 dire elephants
  Azrael (Spider:1)
  9 purple draconians
  A blizzard demon (Depths:1)
  10 ettins
  An eidolon (Vaults:3)
  5 deep elf death magi
  11 fire dragons
  12 yaktaur captains
  2 crystal guardians (Desolation)
  Erolcha (D:13)
  10 deep elf high priests
  Josephine (Lair:3)
  6 ragged hierophants
  5 entropy weavers
  7 great orbs of eyes
  35 vault guards
  Harold (D:11)
  9 servants of whispers (Desolation)
  9 ice dragons
  2 hell beasts
  A jorogumo (Spider:3)
  9 peacekeepers
  2 catoblepae
  A ghost crab (Swamp:2)
  The ghost of Morbidden the Destroyer, a journeyman DsCj of Cheibriados (D:10)
  20 hydras
  2 spriggan air magi (Depths:2)
  8 centaur warriors
  12 ironbound frosthearts
  4 radroaches
  9 boulder beetles
  4 ogre magi
  A satyr (D:12)
  A sphinx zombie (Vaults:3)
  The ghost of Ogety the Martial Artist, a journeyman OpSh of Okawaru (Lair:1)
  An anaconda (Swamp:3)
  4 two-headed ogres (D:15)
  5 alligators
  26 dancing weapons
  A two-headed ogre (shapeshifter) (Depths:2)
  3 deep troll earth magi
  18 death yaks
  A vampire mage (Vaults:3)
  3 demonic crawlers
  2 tengu warriors
  4 deep troll shamans
  An occultist (Depths:1)
  Urug (Lair:1)
  3 spriggan berserkers
  Sonja (D:13)
  A sun demon (Depths:1)
  12 deep elf knights
  A fire crab (shapeshifter) (Vaults:5)
  5 hell knights
  A skyshark (Lair:2)
  3 sixfirhies (Depths:3)
  3 pharaoh ants
  34 deep trolls
  3 goliath frogs
  A salamander mystic (D:12)
  7 glowing orange brains
  4 iron trolls
  4 spriggan druids
  2 sun moths (Spider:4)
  A shadow demon (D:15)
  2 bog bodies
  10 swamp dragons
  7 orb spiders
  13 lindwurms
  A flayed ghost (Depths:2)
  4 arcanists
  An orange crystal statue (IceCv)
  8 orc knights
  An obsidian statue (Orc:2)
  9 harpies
  Pikel (D:5)
  7 steelbarb worms
  3 necromancers
  26 wolf spiders
  2 deep elf archers
  12 ironbound convokers
  3 phantasmal warriors (Vaults:5)
  30 deep elf pyromancers
  4 cyclopes
  25 ugly things
  21 deep elf zephyrmancers
  7 orc sorcerers
  A salamander (shapeshifter) (D:11)
  3 salamanders (D:12)
  6 manticores
  13 elephants
  Joseph (D:8)
  3 will-o-the-wisps
  41 moths of wrath
  A toenail golem (D:15)
  A guardian serpent (shapeshifter) (Elf:2)
  2 torpor snails
  A stone giant skeleton (Vaults:3)
  A rust devil (Zot:1)
  21 vault sentinels
  13 cane toads
  9 black mambas
  6 guardian serpents (Desolation)
  A smoke demon (D:2)
  A gargoyle (D:11)
  3 orange demons
  An unseen horror (D:13)
  2 kobold demonologists
  3 rime drakes
  24 yaktaurs
  A rime drake (shapeshifter) (Depths:3)
  4 efreet (D:14)
  8 komodo dragons
  3 freezing wraiths
  3 tengu conjurers
  A tormentor (D:15)
  12 trolls
  12 polar bears
  9 meliai
  3 bloated husks
  A queen bee (Lair:2)
  10 tyrant leeches
  24 tarantellas
  Grinder (D:5)
  64 saltlings
  11 hornets
  Prince Ribbit (Lair:1)
  2 snapping turtles
  3 dream sheep
  6 blink frogs
  2 glass eyes (Depths:3)
  A stone giant simulacrum (Vaults:3)
  53 slime creatures
  28 jumping spiders
  3 air elementals
  14 water elementals
  28 culicivoras
  3 wyverns
  A ynoxinul (D:10)
  12 wraiths
  12 spriggans
  47 yaks
  A vampire (D:9)
  A spriggan (shapeshifter) (D:13)
  3 shadows (D:10)
  3 fire elementals (Spider:1)
  3 basilisks
  A yak (shapeshifter) (Vaults:5)
  7 humans (Spider:3)
  A steam dragon (D:7)
  56 redbacks
  18 vampire mosquitoes
  Menkaure (D:5)
  3 wargs
  15 swamp worms
  2 great orb of eyes simulacra (IceCv)
  26 water moccasins
  An acid dragon (Zot:3)
  4 hell hounds (Spider:1)
  37 orc warriors
  9 swamp drakes
  A black bear (shapeshifter) (D:13)
  5 sky beasts
  12 black bears
  2 ice beasts
  13 ogres
  45 wolves
  13 boggarts
  A lemure (D:5)
  2 phantoms
  14 centaurs
  7 slime creature simulacra (IceCv)
  Blork the orc (D:4)
  4 kobold brigands
  An earth elemental (Elf:3)
  13 bullfrogs
  2 gnoll sergeants
  2 glowing shapeshifter simulacra (IceCv)
  3 wights (D:6)
  39 killer bees
  10 electric eels
  2 howler monkeys
  4 lava snakes (Lair:1)
  17 orc priests
  5 jellies
  Jessica (D:2)
  2 gnoll boudas
  4 iguanas
  A sleepcap (D:4)
  25 orc wizards
  10 adders
  14 gnolls
  A shadow imp (D:7)
  A white imp (D:8)
  A dart slug (D:5)
  73 orcs
  7 ball pythons
  6 bats
  14 endoplasms
  2 giant cockroaches (D:3)
  4 goblins
  7 hobgoblins
  3 quokkas
  2 frilled lizards
  22 kobolds
  2 rats
2184 creatures vanquished.

Vanquished Creatures (others)
  A deep elf knight (Elf:2)
  A bog body (Swamp:3)
  An arcanist (Vaults:3)
  A deep elf pyromancer (Elf:2)
  3 bloated husks
  A centaur (D:15)
  10 foxfires
18 creatures vanquished.

Grand Total: 2202 creatures vanquished

Notes
Turn   | Place    | Note
-------+----------+-------------------------------------------
     0 | D:5      | GordonOverkill the Naga Delver began the quest for the Orb.
     0 | D:5      | Reached XP level 1. HP: 21/21 MP: 1/1
     1 | D:6      | Noticed a bullfrog
    10 | D:5      | Noticed Grinder
    13 | D:6      | Noticed an orc wizard
    21 | D:5      | Noticed a centaur
    29 | D:5      | Noticed a jelly
    46 | D:5      | Reached XP level 2. HP: 6/28 MP: 2/2
   311 | D:3      | Identified the ring "Voinyk Nireck" {Fire rPois Dex+2
                  | Slay+6}
   472 | D:2      | Reached skill level 1 in Shapeshifting
   472 | D:2      | Reached XP level 3. HP: 33/34 MP: 3/3
   491 | D:2      | Noticed Jessica
   507 | D:2      | Killed Jessica
   508 | D:2      | Reached skill level 2 in Shapeshifting
   508 | D:2      | Reached XP level 4. HP: 21/42 MP: 4/4
  1146 | D:1      | Reached skill level 3 in Shapeshifting
  1178 | D:1      | Found a faded altar of an unknown god.
  1885 | D:3      | Reached skill level 1 in Unarmed Combat
  2049 | D:3      | Reached XP level 5. HP: 49/49 MP: 5/5
  2652 | D:4      | Found a staircase to the Ecumenical Temple.
  2674 | D:4      | Reached XP level 6. HP: 16/56 MP: 6/6
  2891 | Temple   | Entered the Ecumenical Temple
  2915 | Temple   | Became a worshipper of Warmaster Okawaru
  3100 | D:4      | Noticed Blork the orc
  3105 | D:4      | Reached skill level 5 in Unarmed Combat
  3114 | D:4      | Killed Blork the orc
  3114 | D:4      | Reached * piety under Okawaru
  3115 | D:4      | Reached XP level 7. HP: 53/62 MP: 7/7
  3496 | D:5      | Noticed Menkaure
  3504 | D:5      | Killed Menkaure
  3662 | D:5      | Found an ancient bone altar of Kikubaaqudgha.
  3674 | D:5      | Found a hazy altar of Hepliaklqana.
  3765 | D:5      | Noticed Pikel
  3841 | D:5      | Killed Pikel
  3841 | D:5      | Reached ** piety under Okawaru
  3842 | D:5      | Reached XP level 8. HP: 55/69 MP: 8/8
  4161 | D:5      | Killed Grinder
  4336 | D:6      | Reached *** piety under Okawaru
  4337 | D:6      | Reached skill level 10 in Unarmed Combat
  4337 | D:6      | Reached skill level 1 in Invocations
  4337 | D:6      | Reached XP level 9. HP: 74/75 MP: 8/10
  5339 | D:6      | Reached skill level 5 in Fighting
  6087 | D:7      | Reached skill level 4 in Shapeshifting
  6267 | D:7      | Reached skill level 5 in Shapeshifting
  6531 | D:7      | Reached skill level 6 in Shapeshifting
  7002 | D:8      | Reached XP level 10. HP: 91/91 MP: 12/12
  7009 | D:8      | Noticed Joseph
  7020 | D:8      | Killed Joseph
  7021 | D:8      | Reached skill level 5 in Invocations
  7159 | D:8      | Reached **** piety under Okawaru
  8021 | D:9      | Identified the ring "Ryjuf" {rPois Will+}
  9111 | D:9      | Reached skill level 10 in Shapeshifting
  9111 | D:9      | Reached XP level 11. HP: 97/97 MP: 15/15
  9115 | D:10     | Entered Level 10 of the Dungeon
  9220 | D:10     | Found a runed translucent gate.
  9220 | D:10     | Found a runed translucent gate.
  9220 | D:10     | Found a runed translucent gate.
  9963 | D:10     | Noticed Morbidden's ghost (journeyman DsCj)
 10108 | D:10     | Killed Morbidden's ghost
 10109 | D:10     | Reached skill level 11 in Shapeshifting
 10941 | D:10     | Reached XP level 12. HP: 62/105 MP: 16/16
 10949 | D:11     | Noticed Harold
 10957 | D:11     | Killed Harold
 11276 | D:11     | Found a staircase to the Lair.
 11541 | D:11     | Reached ***** piety under Okawaru
 11560 | D:11     | Noticed a death yak
 11572 | D:11     | Killed a death yak
 11899 | D:11     | Noticed a four-headed hydra
 11909 | D:11     | Killed a four-headed hydra
 11921 | D:11     | Reached skill level 10 in Fighting
 11926 | D:11     | Noticed a centaur warrior
 11933 | D:11     | Killed a centaur warrior
 12444 | D:12     | Found a staircase to the Orcish Mines.
 12510 | D:12     | Found Ritium's Weapon Shoppe.
 12763 | D:12     | Noticed a boulder beetle
 12769 | D:12     | a boulder beetle changed into a satyr
 12769 | D:12     | Noticed a satyr
 12779 | D:12     | Killed a satyr
 12779 | D:12     | Received a gift from Okawaru
 13243 | D:12     | Found Sutzasum's Antique Armour Boutique.
 13480 | D:12     | Gained mutation: You can use your snake-like lower body to
                  | constrict enemies. [Naga growth]
 13480 | D:12     | Reached XP level 13. HP: 77/135 MP: 14/17
 13480 | D:12     | Found the +3 salamander hide armour {Flames, rFlCloud rF++
                  | rC--}
 14037 | Lair:1   | Entered Level 1 of the Lair of Beasts
 14391 | Lair:1   | Received a gift from Okawaru
 14617 | Lair:1   | Reached skill level 10 in Invocations
 14892 | Lair:1   | Found a large runed translucent door.
 14894 | Lair:1   | Found a large runed translucent door.
 14897 | Lair:1   | Noticed Ogety's ghost (journeyman OpSh)
 14910 | Lair:1   | Noticed Prince Ribbit
 14914 | Lair:1   | Killed Prince Ribbit
 14915 | Lair:1   | Reached skill level 1 in Armour
 15148 | Lair:1   | Noticed Urug
 15155 | Lair:1   | Killed Urug
 15858 | Lair:1   | Killed Ogety's ghost
 16127 | Lair:2   | Found the +8 mithril axe "Arga" {speed, Will+}
 16184 | Lair:2   | Noticed Gastronok
 16197 | Lair:2   | Killed Gastronok
 16197 | Lair:2   | Received a gift from Okawaru
 16198 | Lair:2   | Reached skill level 5 in Armour
 17351 | Lair:2   | Reached XP level 14. HP: 114/144 MP: 19/21
 17588 | Lair:2   | Reached skill level 1 in Evocations
 18275 | Lair:3   | Noticed Josephine
 18306 | Lair:3   | Killed Josephine
 19017 | Lair:3   | Found a staircase to the Swamp.
 19088 | Lair:3   | Found a hole to the Spider Nest.
 19599 | Lair:4   | Received a gift from Okawaru
 19961 | Lair:4   | Reached ****** piety under Okawaru
 19962 | Lair:4   | Reached skill level 12 in Shapeshifting
 19963 | Lair:4   | Acquired the +2 barding of Light {rPois rF+ Str+3 Stlth+}
 19963 | Lair:4   | Received a gift from Okawaru
 19976 | Lair:4   | Acquired the +6 demon trident "Nibliam" {vamp, *Rage rCorr
                  | Int+6 Stlth+}
 19976 | Lair:4   | Received a gift from Okawaru
 20842 | Lair:5   | Entered Level 5 of the Lair of Beasts
 20851 | Arena    | Entered the Arena
 21235 | Lair:5   | Received a gift from Okawaru
 21246 | Lair:5   | Reached skill level 13 in Shapeshifting
 21551 | Lair:5   | Reached XP level 15. HP: 151/151 MP: 22/22
 21693 | Lair:5   | Found a staircase to the Slime Pits.
 21864 | Lair:5   | Received a gift from Okawaru
 21883 | Lair:5   | Reached skill level 14 in Shapeshifting
 22457 | Lair:5   | Received a gift from Okawaru
 22595 | Lair:5   | Reached skill level 15 in Shapeshifting
 23528 | D:13     | Noticed Erolcha
 23536 | D:13     | Killed Erolcha
 23536 | D:13     | Received a gift from Okawaru
 23551 | D:13     | Noticed Sonja
 23553 | D:13     | Killed Sonja
 23683 | D:13     | Reached skill level 15 in Unarmed Combat
 23783 | D:13     | Noticed Jorgrun
 23799 | D:13     | Found a gate to the Vaults.
 24349 | D:13     | Received a gift from Okawaru
 24657 | D:13     | Killed Jorgrun
 25093 | D:14     | Found Rific's Weapon Shoppe.
 25192 | D:14     | Found a runed translucent door.
 25192 | D:14     | Noticed Molah's ghost (adept GrEE)
 25251 | D:14     | Reached skill level 16 in Shapeshifting
 25251 | D:14     | Reached XP level 16. HP: 159/159 MP: 20/23
 25255 | D:14     | Received a gift from Okawaru
 25635 | D:14     | Identified the -1 helmet "Pevisaown" {Regen+}
 25796 | D:14     | Killed Molah's ghost
 25857 | D:15     | Entered Level 15 of the Dungeon
 26344 | D:15     | Reached skill level 17 in Shapeshifting
 26566 | D:15     | Received a gift from Okawaru
 26570 | D:15     | Found a staircase to the Depths.
 26829 | D:15     | Received a gift from Okawaru
 27424 | Orc:1    | Entered Level 1 of the Orcish Mines
 27738 | Orc:2    | Entered Level 2 of the Orcish Mines
 27738 | Orc:2    | Found a staircase to the Elven Halls.
 27738 | Orc:2    | Found Awofig's Antique Weapon Emporium.
 27879 | Orc:2    | Found a runed translucent gate.
 27879 | Orc:2    | Found a runed translucent gate.
 27880 | Orc:2    | Found a runed translucent gate.
 27881 | Orc:2    | Found an opulent altar of Gozag.
 27882 | Orc:2    | Found Emoir's Assorted Antiques.
 27882 | Orc:2    | Noticed stonewall's ghost (journeyman TeGl)
 28240 | Orc:1    | Killed stonewall's ghost
 28367 | Orc:1    | Reached skill level 18 in Shapeshifting
 28593 | Orc:2    | Bought 2 potions of curing for 168 gold pieces
 29077 | Orc:2    | Received a gift from Okawaru
 29239 | Orc:2    | Found Acsetie's Armour Emporium.
 29465 | Orc:2    | Found Saddoegg's Armour Boutique.
 29624 | Orc:2    | Bought +2 gold dragon scales for 1012 gold pieces
 29664 | Orc:2    | Noticed Saint Roka
 29679 | Orc:2    | Killed Saint Roka
 29820 | Orc:2    | Found Qohikh's Antique Armour Boutique.
 29824 | Orc:2    | Found Siduosto's Antique Weapon Shop.
 30078 | Spider:1 | Entered Level 1 of the Spider Nest
 30129 | Lair:3   | HP: 6/159 [entropy weaver (11)]
 30133 | Lair:3   | Received a gift from Okawaru
 30554 | Spider:1 | Reached XP level 17. HP: 158/166 MP: 24/24
 31406 | Lair:3   | Reached skill level 19 in Shapeshifting
 31646 | Lair:3   | Gained mutation: You sometimes lose your temper in combat.
                  | [mutagenic glow]
 32189 | Spider:1 | Noticed Mlioglotl
 32195 | Spider:1 | Killed Mlioglotl
 32355 | Spider:1 | Noticed Azrael
 32364 | Spider:1 | Killed Azrael
 32364 | Spider:1 | Received a gift from Okawaru
 32481 | Spider:1 | Noticed Rupert
 32483 | Spider:1 | Paralysed by Rupert for 4 turns
 32499 | Spider:1 | Killed Rupert
 32500 | Spider:1 | Reached skill level 15 in Fighting
 32804 | Spider:2 | Lost mutation: You sometimes lose your temper in combat.
                  | [potion of mutation]
 32804 | Spider:2 | Gained mutation: Your muscles are strong. (Str +4, Int/Dex
                  | -1) [potion of mutation]
 32804 | Spider:2 | Gained mutation: Your flesh is heat resistant. (rF+)
                  | [potion of mutation]
 33657 | Spider:3 | Noticed Roxanne
 34080 | Spider:3 | Killed Roxanne
 34988 | Spider:2 | Received a gift from Okawaru
 35150 | Spider:3 | Identified the +2 pair of gloves of Wasted Space {*Slow
                  | Int+5 Dex+4}
 35431 | Spider:3 | Identified the +2 rapier of Biohiupp {freeze, Int+8 Stlth-}
 35441 | Spider:3 | Identified a scroll of acquirement
 35462 | Spider:3 | Noticed Asterion
 35629 | Spider:3 | Noticed Kirke
 35643 | Spider:3 | Killed Kirke
 35672 | Spider:3 | Acquired a manual of Ranged Weapons
 35716 | Spider:3 | Killed Asterion
 35964 | Spider:3 | Noticed Arachne
 35994 | Spider:3 | Killed Arachne
 36124 | Spider:3 | Received a gift from Okawaru
 36815 | Spider:4 | Entered Level 4 of the Spider Nest
 36834 | Spider:3 | Reached skill level 5 in Evocations
 36926 | Spider:3 | Reached skill level 1 in Shields
 36939 | Spider:3 | Reached XP level 18. HP: 181/181 MP: 2/27
 37441 | Spider:4 | Noticed Mara
 37447 | Spider:4 | Noticed GordonOverkill's illusion
 37456 | Spider:4 | Killed Mara
 37710 | Spider:4 | Reached skill level 5 in Shields
 38258 | Spider:4 | Identified the +0 pair of boots "Ystregro" {rF+ rN+}
 38287 | Spider:4 | Got a gossamer rune of Zot
 38484 | Swamp:1  | Entered Level 1 of the Swamp
 38510 | Arena    | Entered the Arena
 38528 | Arena    | Entered the Arena
 39899 | Swamp:2  | Identified the +0 chain mail "Osuh" {Int+3}
 40895 | Swamp:4  | Entered Level 4 of the Swamp
 40965 | Swamp:4  | Received a gift from Okawaru
 41111 | Swamp:4  | Reached XP level 19. HP: 159/188 MP: 22/28
 41113 | Swamp:4  | Noticed the 27-headed Lernaean hydra
 41124 | Swamp:4  | Killed the 27-headed Lernaean hydra
 42038 | Swamp:4  | Got a decaying rune of Zot
 42373 | Vaults:1 | Entered Level 1 of the Vaults
 42529 | Vaults:1 | Received a gift from Okawaru
 42530 | Vaults:1 | Reached skill level 20 in Shapeshifting
 42549 | Arena    | Entered the Arena
 43375 | Vaults:1 | Received a gift from Okawaru
 43906 | Vaults:1 | Found Mosk's Magic Scroll Shoppe.
 43913 | Vaults:1 | Bought a scroll of teleportation for 48 gold pieces
 43913 | Vaults:1 | Bought a scroll of enchant armour for 120 gold pieces
 43913 | Vaults:1 | Bought a scroll of blinking for 120 gold pieces
 43913 | Vaults:1 | Bought a scroll of immolation for 64 gold pieces
 44331 | Vaults:2 | Reached skill level 21 in Shapeshifting
 45101 | Vaults:2 | Identified the +2 plate armour of Osatem {Str+3}
 45388 | Vaults:2 | Reached XP level 20. HP: 196/196 MP: 29/29
 45927 | Vaults:2 | Reached skill level 22 in Shapeshifting
 46125 | Vaults:3 | You fall into a shaft and drop 1 floor!
 46125 | Desolati | Identified the "Kocivos"
 46185 | Vaults:4 | Found a crumbling gateway.
 46208 | Desolati | Entered the Desolation of Salt
 46400 | Desolati | Received a gift from Okawaru
 46529 | Desolati | Identified the +3 sling of Keqon {heavy, rF+ rC+ Stlth-}
 46781 | Desolati | Found the +3 warlock's mirror {omnireflect}
 46790 | Desolati | Identified the +0 buckler of a volcano {rPois rF+}
 46851 | Desolati | Received a gift from Okawaru
 46993 | Desolati | Found the +3 crown of Dyrovepreva {rElec Int+2 SInv}
 46995 | Desolati | Identified the ring of the Crushed Hells {rCorr AC+4}
 47684 | Desolati | Identified the +4 helmet "Vaps" {rElec rC+}
 47690 | Desolati | Identified the +6 giant club "Dragonbane" {flame, rF+
                  | Int+2}
 48144 | Vaults:4 | Received a gift from Okawaru
 48450 | Vaults:4 | Reached XP level 21. HP: 214/214 MP: 30/30
 49172 | Vaults:4 | Identified the +1 arbalest "Molioc" {freeze, Int+4}
 49260 | Vaults:3 | Found a staircase to the Crypt.
 49264 | Vaults:3 | Received a gift from Okawaru
 49702 | Vaults:3 | Identified the +1 scale mail "Wockof" {Regen+ Dex+5}
 49834 | Vaults:3 | Received a gift from Okawaru
 50063 | Vaults:3 | Found Jirgh's Antique Weapon Shop.
 50192 | Vaults:3 | Reached skill level 23 in Shapeshifting
 50810 | Depths:1 | Identified the "Qefinoru"
 50810 | Depths:1 | Entered Level 1 of the Depths
 50816 | Depths:1 | Found a glowing silver altar of Zin.
 50979 | Depths:1 | Acquired 873 gold pieces
 51088 | Depths:1 | Found a corrupted altar of Lugonu.
 51088 | Depths:1 | Found a one-way gate to the infinite horrors of the Abyss.
 51403 | Depths:1 | Found a gateway to Hell.
 51693 | Depths:2 | Found a shadowy altar of Dithmenos.
 51707 | Depths:2 | Received a gift from Okawaru
 51870 | Depths:2 | Found a one-way gate leading to the halls of Pandemonium.
 52016 | Depths:2 | Reached skill level 24 in Shapeshifting
 52021 | Depths:2 | Received a gift from Okawaru
 52228 | Depths:2 | Reached XP level 22. HP: 224/224 MP: 31/31
 53505 | Depths:3 | Received a gift from Okawaru
 53675 | Depths:3 | Noticed a caustic shrike
 53677 | Depths:3 | Noticed a caustic shrike
 53677 | Depths:3 | Noticed a caustic shrike
 53681 | Depths:3 | Killed a caustic shrike
 53685 | Depths:3 | Killed a caustic shrike
 53686 | Depths:3 | Killed a caustic shrike
 53709 | Depths:3 | Noticed Louise
 53715 | Depths:3 | Killed Louise
 53781 | Depths:3 | Noticed a caustic shrike
 53788 | Depths:3 | Killed a caustic shrike
 54071 | Depths:3 | Reached skill level 25 in Shapeshifting
 54538 | Depths:3 | Noticed a caustic shrike
 54555 | Depths:3 | Killed a caustic shrike
 54736 | Depths:3 | Received a gift from Okawaru
 54755 | Depths:3 | Found Tugoocoa's Antique Armour Emporium.
 54876 | Depths:3 | Identified the staff "Oplexti" {rPois rN+ rCorr Str+4 Int-3
                  | Necro}
 55200 | Depths:4 | Entered Level 4 of the Depths
 55346 | Depths:4 | Noticed a golden dragon
 55358 | Depths:4 | Killed a golden dragon
 55457 | Depths:4 | Noticed a golden dragon
 55466 | Depths:4 | Killed a golden dragon
 55694 | Depths:4 | Found a gate to the Realm of Zot.
 55857 | Depths:4 | Found a one-way gateway to a ziggurat.
 55900 | Depths:4 | Received a gift from Okawaru
 55972 | Depths:4 | Found Wulonefivu's Weapon Boutique.
 56313 | Depths:4 | Reached XP level 23. HP: 232/232 MP: 32/32
 56885 | Elf:1    | Identified the "Telut"
 56885 | IceCv    | Identified the "Wioneal"
 56885 | Elf:1    | Entered Level 1 of the Elven Halls
 57028 | Elf:1    | Found a frozen archway.
 57037 | IceCv    | Entered an ice cave
 57165 | IceCv    | Received a gift from Okawaru
 57954 | IceCv    | Found a viscous altar of Jiyva.
 58145 | IceCv    | Identified the amulet of Arrival {RegenMP Rampage Dex+2}
 58149 | IceCv    | Identified the +6 ring mail of Imukhluel {rF+ rN+}
 58465 | Elf:1    | Paralysed by an air elemental for 1 turns
 58469 | Elf:1    | Paralysed by an air elemental for 1 turns
 58746 | Elf:2    | Paralysed by an air elemental for 1 turns
 58925 | Elf:2    | Paralysed by an air elemental for 1 turns
 59400 | Elf:2    | Paralysed by an air elemental for 1 turns
 59625 | Elf:2    | Found a runed translucent gate.
 59625 | Elf:2    | Found a runed translucent gate.
 59626 | Elf:2    | Found a runed translucent gate.
 59988 | Elf:2    | Received a gift from Okawaru
 60406 | Elf:3    | Identified the "Nibb"
 60406 | Elf:3    | Identified the "Fuuhait"
 60406 | Elf:3    | Identified the "Poregom"
 60406 | Elf:3    | Identified the "Vuerouc"
 60406 | Elf:3    | Entered Level 3 of the Elven Halls
 60475 | Elf:3    | Noticed Bai Suzhen
 60491 | Elf:3    | Killed Bai Suzhen
 61090 | Elf:3    | Received a gift from Okawaru
 61359 | Elf:3    | Identified the +11 dagger of Courage {elec, rC+}
 61365 | Elf:3    | Identified the +9 morningstar of Dawn {venom, Str+4}
 61365 | Elf:3    | Identified the +1 buckler "Kurodune" {rElec Str+3}
 61395 | Elf:3    | Identified the ring of Darkness {*Corrode rElec rPois rN+
                  | Str+4}
 61407 | Elf:3    | Identified the +3 ring mail of Lerev {Rampage rPois Int+3
                  | Stlth-}
 61424 | Elf:3    | Identified the staff of Opunt {rC+ rN+ Will+ Necro}
 61429 | Elf:3    | Received a gift from Okawaru
 62212 | Vaults:5 | Entered Level 5 of the Vaults
 62223 | Vaults:4 | Reached XP level 24. HP: 241/241 MP: 31/32
 62438 | Vaults:4 | Reached skill level 10 in Shields
 62456 | Vaults:4 | Received a gift from Okawaru
 62662 | Vaults:5 | Noticed a dread lich
 62677 | Vaults:4 | Killed a dread lich
 62873 | Vaults:5 | Noticed a dread lich
 62884 | Vaults:4 | Killed a dread lich
 63347 | Vaults:5 | Noticed a dread lich
 63355 | Vaults:5 | Killed a dread lich
 63355 | Vaults:5 | Received a gift from Okawaru
 63485 | Vaults:5 | Got a silver rune of Zot
 63589 | Vaults:5 | Reached skill level 15 in Invocations
 63610 | Vaults:5 | Noticed a dread lich
 63621 | Vaults:5 | Killed a dread lich
 63706 | Vaults:5 | Identified the +9 mace of Honesty {drain, Dex+2}
 63726 | Vaults:5 | Received a gift from Okawaru
 63860 | Vaults:5 | Identified the +6 scimitar "Ogreslayer" {drain, Fly}
 64093 | Vaults:5 | Identified the amulet "Umpaune" {Reflect rC- Regen+ rCorr
                  | SH+5}
 64226 | Vaults:5 | Identified the +6 mace of Infinite Pain {freeze, +Blink rC+
                  | Int+4}
 64708 | Vaults:5 | Identified the +8 arbalest "Impbane" {flame, rCorr Stlth+}
 65149 | Zot:1    | Entered Level 1 of the Realm of Zot
 65170 | Zot:1    | Received a gift from Okawaru
 65718 | Zot:1    | Reached XP level 25. HP: 248/248 MP: 34/34
 65887 | Zot:1    | Received a gift from Okawaru
 66491 | Zot:1    | Reached skill level 15 in Shields
 67033 | Zot:2    | Noticed an ancient lich
 67048 | Zot:2    | Killed an ancient lich
 67076 | Zot:2    | Noticed a dread lich
 67084 | Zot:2    | Killed a dread lich
 67113 | Zot:2    | Received a gift from Okawaru
 67864 | Zot:2    | Received a gift from Okawaru
 68665 | Zot:3    | Reached XP level 26. HP: 256/256 MP: 34/34
 68954 | Zot:3    | Received a gift from Okawaru
 69445 | Zot:3    | Identified the +11 quarterstaff of Woe {freeze, rElec}
 69752 | Zot:4    | Noticed a Killer Klown
 69752 | Zot:4    | Noticed a dread lich
 69753 | Zot:4    | Noticed a Killer Klown
 69755 | Zot:4    | Noticed a Killer Klown
 69756 | Zot:4    | Received a gift from Okawaru
 69776 | Zot:4    | Killed a dread lich
 69781 | Zot:4    | Killed a Killer Klown
 69782 | Zot:4    | Reached skill level 5 in Dodging
 69789 | Zot:4    | Killed a Killer Klown
 69795 | Zot:4    | Killed a Killer Klown
 70244 | Zot:4    | Received a gift from Okawaru
 70370 | Zot:4    | Identified the +1 plate armour of Vixos {Stlth+}
 71120 | Zot:5    | Entered Level 5 of the Realm of Zot
 71527 | Zot:5    | Noticed a Killer Klown
 71540 | Zot:5    | Noticed a Killer Klown
 71542 | Zot:5    | Killed a Killer Klown
 71545 | Zot:5    | Killed a Killer Klown
 72121 | Zot:5    | Noticed a Killer Klown
 72127 | Zot:5    | Killed a Killer Klown
 72135 | Zot:5    | Received a gift from Okawaru
 72155 | Zot:5    | Noticed a Killer Klown
 72165 | Zot:5    | Killed a Killer Klown
 72166 | Zot:5    | Reached skill level 10 in Evocations
 72185 | Zot:5    | Noticed an orb of fire
 72197 | Zot:5    | Killed an orb of fire
 72206 | Zot:5    | Noticed a Killer Klown
 72210 | Zot:5    | Noticed a dread lich
 72428 | Zot:5    | Noticed a dread lich
 72429 | Zot:5    | Noticed a Killer Klown
 72432 | Zot:5    | Killed a dread lich
 72433 | Zot:5    | Reached XP level 27. HP: 277/277 MP: 34/34
 72450 | Zot:5    | Noticed an orb of fire
 72460 | Zot:5    | Killed an orb of fire
 72565 | Zot:5    | Noticed a dread lich
 72570 | Zot:5    | Killed a dread lich
 72579 | Zot:5    | Killed a dread lich
 72617 | Zot:5    | Received a gift from Okawaru
 72871 | Zot:5    | Noticed a dread lich
 72883 | Zot:5    | Killed a dread lich
 73586 | Zot:5    | Got the Orb of Zot
 73711 | Zot:1    | Received a gift from Okawaru
 74221 | D:$      | Escaped with the Orb!

Illustrated notes

Levels and vault maps discovered:
D:1:      mushboom_english_gardens, layout_loops_ring,
          shapermc_ecumenical_altar_hornbeckon
D:2:      layout_basic, uniq_jessica
D:3:      layout_loops_ring, serial_bayou, serial_bayou_pond_a,
          serial_bayou_pond_a, serial_bayou_pond_c, serial_bayou_shore_a,
          serial_bayou_lagoon_b
D:4:      layout_basic, minmay_temple_entry_waves, uniq_blork_the_orc
D:5:      layout_rooms, mainiacjoe_overflow_catwalk_spiral, uniq_menkaure,
          uniq_grinder, uniq_pikel
D:6:      layout_rooms, hangedman_glass_garden
D:7:      layout_basic, chequers_big_river, minmay_fountain_box
D:8:      layout_rooms, uniq_joseph
D:9:      layout_roguey
D:10:     layout_grid_maze, gammafunk_ghost_spectres
D:11:     layout_rooms, david_lair_generic, minmay_fractal_squares_gapless_7,
          uniq_harold
D:12:     layout_layer_cave, orc_0_dummy, serial_shops,
          nicolae_shop_temple_entry_statues_fountains, shop,
          hellmonk_guarded_unrand_salamander
D:13:     layout_basic, lightli_vaults_fourway_checkpoint, uniq_jorgrun,
          uniq_erolcha, uniq_sonja
D:14:     layout_rooms, serial_shops, nicolae_shop_gibbet_a_chance,
          hellmonk_ghost_happy_afterlife, kennysheep_nondescript
D:15:     hellmonk_depths_entry_around_the_bend, layout_basic
Temple:   mainiacjoe_temple_cubbyholes
Lair:1:   beast_lair_carwin_large_4, layout_misc_corridors,
          ebering_ghost_disaster_area, nicolae_lair_liquid_snakes,
          infiniplex_staircase_pool, uniq_urug, uniq_prince_ribbit2
Lair:2:   layout_gridlike, special_room [special_room_bee],
          dreamdust_gnoll_shepherd, lemuel_fruit_tree, uniq_gastronok
Lair:3:   layout_misc_corridors, mainiacjoe_swamp_entry_angry_trees,
          nicolae_spider_entry_tight_spaces, uniq_josephine
Lair:4:   layout_layer_cave
Lair:5:   minmay_lair_end_enchanted_forest, layout_hall_layers,
          nicolae_slime_entry_slimehenge
Swamp:1:  layout_basic_swamp, evilmike_swamp_ruin_house_6
Swamp:2:  layout_basic_swamp, evilmike_swamp_ruin_rubble_2
Swamp:3:  layout_falls_marsh, evilmike_swamp_ruin_wall, nicolae_swamp_snake_nest
Swamp:4:  swamp_old_school, layout_basic_swamp, swamp_pool_4,
          nicolae_swamp_decorative_isthmus
Spider:1: layout_spider_delve, hangedman_spider_tarantella_strand,
          uniq_mlioglotl, uniq_azrael, uniq_rupert
Spider:2: layout_spider_delve
Spider:3: mumra_spider_spiderweb, uniq_arachne, uniq_kirke, uniq_roxanne,
          uniq_asterion
Spider:4: spider_rune_water, uniq_mara
Orc:1:    layout_caves
Orc:2:    grunt_orc_community_town_hall, layout_diamond_mine,
          grunt_orc_community_big_house_2, grunt_orc_community_big_house_1,
          grunt_orc_community_house_2, grunt_orc_community_house_1,
          grunt_orc_community_house_3, grunt_orc_community_house_3,
          serial_shops, nicolae_shop_crystal, ebering_ghost_gozag
Elf:1:    elf_arrival_001, layout_gridlike, portal_ice_cave_entry_pillars_four,
          minmay_elf_demonology, nicolae_elf_v_pinch, st_stairs_12
Elf:2:    nicolae_elf_blades_splatter_lattice
          [nicolae_blade_entry_sentries_behind_glass], layout_geoelf_octagon,
          minivault_26
Elf:3:    minmay_elf_hall_x, layout_geoelf_castle, uniq_bai_suzhen
Vaults:1: hangedman_vaults_stretched_pinwheel, vaults_room_fancy_cross,
          nicolae_vaults_prndl, nicolae_vaults_mitosis, ontoclasm_vaults_bender,
          nicolae_vaults_prndl, vaults_room_corners, nicolae_vaults_six-pack,
          v_rooms_4, nicolae_vaults_sesquioval_fish,
          nicolae_vaults_sesquioval_fish, nicolae_vaults_shock_wave,
          layout_vaults_omnibox, serial_shops, shop
Vaults:2: hangedman_vaults_restitches, ontoclasm_vaults_shuriken,
          nicolae_vaults_closet_pinwheel_3, vaults_room_stairs_pillars,
          nicolae_vaults_network_star, ontoclasm_vaults_gateway,
          nicolae_vaults_surprise_closet_hard, layout_vaults_quadrants
Vaults:3: v_misc_18, nicolae_vaults_cornered_office, nicolae_vaults_theta,
          nicolae_vaults_tangram_2, nicolae_vaults_tangram_1, v_misc_32,
          nicolae_vaults_trapezoid_lopsided_2, v_pattern_5,
          nicolae_vaults_closet_pinwheel_5, minmay_crypt_entry_simple_sparse,
          nicolae_vaults_diamond_1, nicolae_vaults_border_crossing,
          vaults_room_pools, nicolae_vaults_little_squares_5,
          layout_vaults_maze, serial_shops, nicolae_diamond_shop
Vaults:4: portal_desolation_entry_salt, nicolae_vaults_door_testing_chamber,
          hangedman_vaults_slither, v_misc_4, nicolae_vaults_whirlpool_walls,
          ontoclasm_vaults_loading_screen, v_misc_19,
          nicolae_vaults_little_squares_4, nicolae_vaults_variable_pillar_hall,
          nicolae_vaults_trapezoid_2, ontoclasm_vaults_decontamination,
          nicolae_vaults_yaktaur_gun_rack, layout_vaults_chaotic_city
Vaults:5
Depths:1: layout_long_grid, grunt_hell_entry_dis_old, abyss_entry_flame_altar,
          chequers_serial_rivers_room_b, zin_treasury, serial_bayou_shore_b
Depths:2: grunt_deathspiral_large, layout_basic, hell_entry, pan_entry,
          grunt_dithmenos_smoke
Depths:3: evilmike_marble_ring, layout_cave_pools, grunt_pan_entry_sceptre,
          serial_shops, nicolae_shop_advertising_works
          [nicolae_subvault_shop_adworks], pf_hell_entry_tar_river,
          nicolae_abyss_entry_one_way_or_another, minmay_misc_feat_alley
Depths:4: grunt_zot_entry_hairpin, layout_cave_shapes, enter_ziggurat_a,
          serial_column_ruins, column_ruins_square_small, column_ruins_hut,
          column_ruins_corridor_plus, column_ruins_open_small,
          column_ruins_open_tiny, column_ruins_grid_3, column_ruins_open_medium,
          serial_shops, shop, hell_entry, minmay_misc_feat_tiny, abyss_entry,
          uniq_saint_roka
Zot:1:    kennysheep_ambush_hall, layout_cellular_growth,
          nicolae_rock_paper_scissors
Zot:2:    hangedman_zot_vaults_quadrants, layout_concentric_octagons,
          regret_index_zotdec_split_disrupt
Zot:3:    layout_misc_corridors, st_stairs_2, st_large_dragon_hoard_3
Zot:4:    ebering_klown_carousel, layout_gridlike,
          regret_index_zotdec_carving_tricks,
          regret_index_zotdec_silver_v_v_orig_slice,
          hangedman_zot_decor_scrapings, lemuel_elevator
Zot:5:    layout_gridville

Skill      XL: |  1  2  3  4  5  6  7  8  9 10 11 12 13 14 15 16 17 18 19 20 21 22 23 24 25 26 27 |
---------------+----------------------------------------------------------------------------------+-----
Short Blades   | 3 |  3.0
Shapeshifting  | 1 2 3 6 10 11 13 16 18 19 21 22 24 25 | 25.0
Unarmed Combat | 1 3 5 8 10 11 12 13 14 15 18 20 22 | 22.0
Invocations    | 1 3 6 10 12 15 19 | 19.1
Fighting       | 6 14 16 18 19 21 22 | 22.0
Armour         | 6 7 |  7.0
Evocations     | 3 5 10 | 10.0
Shields        | 1 5 9 13 15 | 15.0
Dodging        | 8 |  8.0
Stealth        | |  7.2
Spellcasting   | |  0.2

Action                     |  1- 3 |  4- 6 |  7- 9 | 10-12 | 13-15 | 16-18 | 19-21 | 22-24 | 25-27 || total
---------------------------+-------+-------+-------+-------+-------+-------+-------+-------+-------++-------
  Melee: Short sword       |    44 |    26 |       |       |       |       |       |       |       ||    70
         Punch             |     1 |     2 |    10 |    31 |   103 |    71 |       |       |       ||   218
         Dagger            |       |   119 |    43 |       |       |       |       |       |       ||   162
         Unarmed           |       |       |   126 |   333 |   826 |  1032 |   988 |  1033 |   778 ||  5116
         Constrict         |       |       |       |       |   194 |   248 |   209 |   180 |   118 ||   949
  Throw: Dart              |       |     6 |    10 |    36 |    26 |       |     3 |    10 |    12 ||   103
 Invoke: Heroism           |       |       |     4 |    24 |    23 |    25 |    23 |    20 |    17 ||   136
         Finesse           |       |       |       |     1 |     2 |     9 |     8 |     7 |     9 ||    36
         Duel              |       |       |       |       |     1 |     2 |     1 |       |       ||     4
         Receive Weapon    |       |       |       |       |     1 |       |       |       |       ||     1
         Receive Armour    |       |       |       |       |     1 |       |       |       |       ||     1
Ability: Begin Untransform |       |       |       |     1 |       |       |       |       |       ||     1
  Evoke: Wand              |     1 |       |    25 |     5 |     3 |    11 |     2 |       |    10 ||    57
         Tin of tremorston |       |       |       |       |       |       |       |     2 |       ||     2
    Use: Scroll            |     1 |     8 |     2 |     7 |    13 |    12 |    11 |     8 |    12 ||    74
         Potion            |     3 |       |     1 |     4 |       |    12 |     9 |       |     2 ||    31
   Stab: Sleeping          |     6 |     9 |     3 |     9 |    20 |    16 |    12 |     7 |     4 ||    86
         Invisible         |     1 |       |       |    10 |       |       |     5 |       |     6 ||    22
         Distracted        |       |       |       |       |     3 |     5 |     4 |     3 |     1 ||    16
         Held in net/web   |       |       |       |       |       |     1 |       |       |       ||     1
 Armour: Leather armour    |    27 |     9 |       |       |       |       |       |       |       ||    36
         Plate armour      |       |   103 |    27 |       |       |       |       |       |       ||   130
         Ring mail         |       |       |    94 |   256 |   818 |   443 |       |       |       ||  1611
         Gold dragon scale |       |       |       |       |       |   530 |       |       |       ||   530
         Skin              |       |       |       |       |       |  1095 |  1389 |  1543 |   751 ||  4778
  Dodge: Dodged            |    18 |    40 |    52 |   155 |   303 |   542 |   373 |   350 |   244 ||  2077
  Block: Tower shield      |       |       |       |       |       |   433 |   894 |   959 |   869 ||  3155
   Form: Beast             |       |       |     1 |       |       |       |       |       |       ||     1
         Blade             |       |       |       |       |     2 |       |       |       |       ||     2
                           |       |       |       |       |     1 |     1 |     1 |       |       ||     3
         Statue            |       |       |       |       |       |     2 |     1 |       |       ||     3

Table legend: (Time is in decaauts)
 A = Elapsed time spent in this place.
 B = Non-inter-level travel time spent in this place.
 C = Inter-level travel time spent in this place.
 D = Time resting spent in this place.
 E = Time spent auto-exploring this place.
 F = Levels seen in this place.
 G = Mean time per level.
                   A        B        C        D        E       F      G
               +--------+--------+--------+--------+--------+-----+--------+
         Total |  99198 |  92917 |   6281 |  29008 |  43174 |  54 | 1837.0 |
       Dungeon |  23161 |  20929 |   2232 |   4409 |  12618 |  15 | 1544.1 |
        Temple |     58 |     35 |     23 |      0 |      0 |   1 |   58.0 |
          Lair |  13521 |  12948 |    573 |   4930 |   5882 |   5 | 2704.2 |
         Swamp |   4850 |   4676 |    174 |    790 |   2923 |   4 | 1212.5 |
   Spider Nest |   8958 |   8592 |    366 |   3370 |   3287 |   4 | 2239.5 |
  Orcish Mines |   3015 |   2807 |    208 |    727 |   1300 |   2 | 1507.5 |
   Elven Halls |   5800 |   5529 |    271 |   1754 |   2536 |   3 | 1933.3 |
        Vaults |  13577 |  12829 |    748 |   3580 |   5130 |   5 | 2715.4 |
        Depths |   9959 |   9053 |    906 |   3132 |   4119 |   4 | 2489.8 |
           Zot |  11834 |  11059 |    775 |   3885 |   4887 |   5 | 2366.8 |
      Ice Cave |   1766 |   1766 |      0 |   1200 |    123 |   1 | 1766.0 |
    Desolation |   2609 |   2609 |      0 |   1208 |    366 |   1 | 2609.0 |
         Arena |     84 |     84 |      0 |     19 |      0 |   4 |   21.0 |
               +--------+--------+--------+--------+--------+-----+--------+

Top non-repeatable levels by time:
  Lair:3: 4536 daAuts
Depths:2: 3590 daAuts
   Zot:5: 3544 daAuts
Vaults:4: 3413 daAuts
Spider:3: 3145 daAuts
Vaults:1: 2941 daAuts
Depths:4: 2927 daAuts
   Zot:2: 2817 daAuts
Spider:2: 2778 daAuts
Vaults:2: 2749 daAuts
Desolation: 2609 daAuts
  Lair:5: 2374 daAuts
    D:10: 2365 daAuts
  Lair:2: 2284 daAuts
Vaults:5: 2271 daAuts
